 Dungeon Crawl Stone Soup version 0.26.1-11-gd32895ea62 (webtiles) character file.

Game seed: 18209038235989612541

11029 SSird the Geomancer (level 11, -17/63 HPs)
             Began as a Gargoyle Earth Elementalist on June 18, 2021.
             Was a Priest of Vehumet.
             Demolished by a boulder beetle (46 damage)
             ... on level 11 of the Dungeon.
             The game lasted 00:36:18 (13750 turns).

SSird the Geomancer (Gargoyle Earth Elementalist)  Turns: 13750, Time: 00:36:19

Health: -17/63     AC: 18    Str: 16    XL:     11   Next: 71%
Magic:  21/24      EV: 11    Int: 18    God:    Vehumet [***...]
Gold:   631        SH:  0    Dex: 10    Spells: 14/29 levels left

rFire    + . .     SeeInvis .   b - +1 dagger (venom)
rCold    x x .     Faith    .   (no shield)
rNeg     + . .     Spirit   .   P - +1 leather armour of Liberty {rElec rC- Str+3} (curse)
rPois    ∞         Reflect  .   m - +2 helmet
rElec    +         Harm     .   e - +0 cloak
rCorr    .         Rampage  .   (no gloves)
Will     +....                  j - +0 pair of boots
Stlth    ++........             x - amulet of the acrobat
HPRegen  0.20/turn              o - ring of willpower
MPRegen  0.19/turn              Q - ring of fire

@: no status effects
A: negative energy resistance 1, electricity resistance, unbreathing,
petrification resistance, miasma immunity, AC +8
a: Renounce Religion


You were on level 11 of the Dungeon.
You worshipped Vehumet.
Vehumet was most pleased with you.
You visited 2 branches of the dungeon, and saw 12 of its levels.

You collected 631 gold pieces.

Inventory:

Hand Weapons
 a - a +3 dagger of electrocution
 b - a +1 dagger of venom (weapon)
Missiles
 c - 301 stones
Armour
 e - a +0 cloak (worn)
 j - a +0 pair of boots (worn)
 m - a +2 helmet (worn)
 L - +0 acid dragon scales
 P - the cursed +1 leather armour of Liberty (worn) {rElec rC- Str+3}
   (You found it on level 10 of the Dungeon)

   It affects your strength (+3).
   It makes you vulnerable to cold.
   It insulates you from electricity.
   It has a curse placed upon it.
Jewellery
 o - a ring of willpower (left hand)
 x - an amulet of the acrobat (around neck)
 A - an uncursed ring of stealth
 F - an uncursed ring of protection from fire
 J - an uncursed ring of flight
 M - an uncursed ring of protection from fire
 Q - a ring of fire (right hand)
 R - an uncursed ring of protection from cold
Wands
 i - a wand of random effects (18)
 u - a wand of polymorph (15)
 y - a wand of iceblast (10)
 G - a wand of disintegration (12)
 O - a wand of enslavement (10)
Scrolls
 d - 3 scrolls of identify
 f - 6 scrolls of teleportation
 h - a scroll of blinking
 l - 4 scrolls of remove curse
 s - a scroll of amnesia
 t - 4 scrolls of enchant armour {unknown}
 v - a scroll of magic mapping
 w - a scroll of fog
 B - 5 scrolls of enchant weapon
 D - 2 scrolls of immolation {unknown}
 H - 4 scrolls of fear
 K - a scroll of torment {unknown}
 N - a scroll of random uselessness {unknown}
Potions
 g - 2 potions of flight
 k - 3 potions of brilliance
 n - a potion of lignification
 p - 2 potions of curing
 q - a potion of attraction
 r - a potion of berserk rage
 z - 2 potions of might
 C - 3 potions of haste
 E - a potion of resistance
 I - a potion of heal wounds


   Skills:
 - Level 5.0 Fighting
 + Level 4.3 Armour
 - Level 1.5 Dodging
 - Level 2.1 Stealth
 * Level 9.9 Spellcasting
 + Level 7.1 Conjurations
 - Level 5.0 Transmutations
 + Level 4.2 Fire Magic
 - Level 3.0 Air Magic
 + Level 10.3 Earth Magic
 + Level 1.8 Poison Magic


You had 14 spell levels left.
You knew the following spells:

 Your Spells              Type           Power        Failure   Level
a - Sandblast             Erth           92%          1%          1
b - Stone Arrow           Conj/Erth      80%          1%          3
c - Lee's Rapid Deconstr  Erth           23%          1%          5
d - Mephitic Cloud        Conj/Pois/Air  23%          1%          3
e - Ignite Poison         Fire/Tmut/Pois 33%          1%          3

Your spell library contained the following spells:

 Spells                   Type           Power        Failure   Level
 Inner Flame              Hex/Fire       24%          3%          3
 Passwall                 Tmut/Erth      30%          1%          2
 Sting                    Tmut/Pois      84%          2%          1
 Petrify                  Tmut/Erth      36%          4%          4
 Poisonous Vapours        Pois/Air       34%          5%          2
 Olgreb's Toxic Radiance  Pois           15%          12%         4


Dungeon Overview and Level Annotations

Branches:
Dungeon (11/15)            Temple (1/1) D:7            Lair (0/6) D:10
    Orc (0/2) D:10

Altars:
Ashenzari
Cheibriados
Dithmenos
Elyvilon
Fedhas
Gozag
Hepliaklqana
Makhleb
Okawaru
Qazlal
Ru
Trog
Uskayaw
Vehumet
Wu Jian
Xom
Yredelemnul
Zin


Innate Abilities, Weirdness & Mutations

You are resistant to torment.
Your stone body is resilient. (AC +8)
You are immune to poison.
You resist negative energy. (rN+)
You are resistant to electric shocks. (rElec)
You can survive without breathing.
You are immune to petrification.
You are immune to miasma.


Message History

Confirm with . or Enter, or press ? or * to list all spells.
Okay, then.
Unknown command.
Casting: Sandblast (safe; 1% risk of failure)
Confirm with . or Enter, or press ? or * to list all spells.
Okay, then.
Unknown command.
Unknown command.
Casting: Sandblast (safe; 1% risk of failure)
Confirm with . or Enter, or press ? or * to list all spells.
Aiming: Mephitic Cloud (safe; 1% risk of failure)
Press: ? - help, Shift-Dir - straight line, f - boulder beetle
Aim: a boulder beetle (moderately wounded, very poisoned)
The ball explodes into a vile cloud!
The stinking cloud engulfs the boulder beetle but does no damage.
The boulder beetle is moderately wounded.
The boulder beetle is engulfed in noxious fumes. x2
The boulder beetle hits you!!!
Ouch! That really hurt!
You die...

..........................#
..........................####
..............................
#####################.........
# #..####### # #..# # #..#
#####################..#####
................@B☼§..........
........##################....
........# .. ........#######
................
................
................
####.............
####..............


You could see a boulder beetle (very poisoned).

Vanquished Creatures
  2 two-headed ogres (D:9)
  2 ugly things
  Maggie (D:7)
  A troll (D:10)
  Grinder (D:3)
  A yak (D:9)
  2 wyverns (D:9)
  3 hogs (D:9)
  2 basilisks (D:10)
  A human (D:9)
  Grum (D:8)
  Edmund (D:4)
  Duvessa (D:4)
  3 water moccasins
  6 orc warriors
  2 phantoms
  4 sky beasts
  2 black bears
  5 ice beasts
  6 ogres
  6 centaurs
  7 wolves
  A necrophage (D:10)
  2 big kobolds
  5 bullfrogs
  Dowan (D:4)
  5 scorpions
  A wyvern skeleton (D:8)
  6 killer bees (D:10)
  12 wights
  3 howler monkeys
  A jelly (D:10)
  3 bullfrog zombies
  2 quasits
  2 centaur skeletons
  3 orc priests
  5 hounds
  A bullfrog skeleton (D:4)
  10 orc wizards
  3 iguanas
  9 worker ants
  2 hound zombies
  2 worker ant zombies
  A howler monkey zombie (D:7)
  Robin (D:2)
  8 adders
  4 gnolls
  A shadow imp (D:6)
  4 white imps
  An ufetubus (D:7)
  2 adder zombies
  5 dart slugs
  4 worms (D:3)
  5 leopard geckos
  23 orcs
  A ball python (D:6)
  4 giant cockroaches
  2 gnoll zombies (D:6)
  15 goblins
  8 hobgoblins
  20 jackals
  3 quokkas
  A ball python skeleton (D:4)
  9 bats
  6 frilled lizards
  12 kobolds
  A quokka skeleton (D:5)
  3 rats
283 creatures vanquished.

Vanquished Creatures (others)
  3 fungi (D:10)
  3 plants (D:10)
6 creatures vanquished.

Grand Total: 289 creatures vanquished

Notes
Turn   | Place    | Note
-------+----------+-------------------------------------------
     0 | D:1      | SSird the Gargoyle Earth Elementalist began the quest for
                  | the Orb.
     0 | D:1      | Reached XP level 1. HP: 10/10 MP: 3/3
   499 | D:1      | Reached skill level 1 in Transmutations
   501 | D:1      | Reached XP level 2. HP: 13/15 MP: 1/5
  1722 | D:2      | Noticed Robin
  1737 | D:2      | Reached skill level 4 in Earth Magic
  1740 | D:2      | Reached XP level 3. HP: 19/19 MP: 7/7
  1752 | D:2      | Killed Robin
  1794 | D:2      | Learned a level 3 spell: Stone Arrow
  2009 | D:2      | Reached XP level 4. HP: 23/24 MP: 8/8
  2327 | D:2      | Found an ornate altar of the Wu Jian Council.
  2438 | D:2      | Found a shadowy altar of Dithmenos.
  2870 | D:3      | Reached skill level 1 in Fighting
  3129 | D:3      | Reached XP level 5. HP: 17/29 MP: 9/9
  3503 | D:3      | Noticed Grinder
  3519 | D:3      | Killed Grinder
  3520 | D:3      | Reached skill level 5 in Earth Magic
  3520 | D:3      | Reached XP level 6. HP: 17/35 MP: 10/12
  3914 | D:4      | Found an iron altar of Okawaru.
  4105 | D:4      | Noticed Dowan
  4106 | D:4      | Noticed Duvessa
  4134 | D:4      | Killed Duvessa
  4135 | D:4      | Reached skill level 6 in Earth Magic
  4135 | D:4      | Reached XP level 7. HP: 40/40 MP: 13/13
  4145 | D:4      | Killed Dowan
  4586 | D:4      | Noticed Edmund
  4599 | D:4      | Killed Edmund
  4600 | D:4      | Reached skill level 5 in Spellcasting
  4600 | D:4      | Reached skill level 1 in Conjurations
  5032 | D:5      | Entered Level 5 of the Dungeon
  5062 | D:5      | Reached XP level 8. HP: 31/46 MP: 15/15
  5167 | D:5      | Reached skill level 7 in Earth Magic
  5644 | D:5      | Learned a level 5 spell: Lee's Rapid Deconstruction
  6168 | D:5      | Reached skill level 8 in Earth Magic
  6446 | D:6      | Reached XP level 9. HP: 41/52 MP: 18/18
  6804 | D:6      | Learned a level 3 spell: Mephitic Cloud
  6808 | D:6      | Learned a level 3 spell: Ignite Poison
  6920 | D:6      | Found a basalt altar of Yredelemnul.
  7491 | D:7      | Noticed Maggie
  7765 | D:7      | Reached skill level 5 in Fighting
  7765 | D:7      | Reached skill level 1 in Air Magic
  7943 | D:7      | Reached skill level 9 in Earth Magic
  8017 | D:7      | Found a staircase to the Ecumenical Temple.
  8074 | Temple   | Entered the Ecumenical Temple
  8155 | Temple   | Became a worshipper of Vehumet
  8734 | D:8      | Reached XP level 10. HP: 51/59 MP: 21/21
  9029 | D:8      | Noticed Grum
  9035 | D:8      | Reached skill level 5 in Conjurations
  9045 | D:8      | Killed Grum
  9310 | D:8      | Reached * piety under Vehumet
  9310 | D:8      | Offered knowledge of Foxfire by Vehumet.
  9959 | D:8      | Found a burning altar of Makhleb.
  9961 | D:8      | Noticed a balrug
  9965 | D:8      | Noticed an orange demon
  9965 | D:8      | Noticed a smoke demon
 10082 | D:7      | Killed Maggie
 10420 | D:9      | Noticed a two-headed ogre
 10431 | D:9      | Killed a two-headed ogre
 10432 | D:9      | Reached skill level 1 in Armour
 10432 | D:9      | Reached skill level 1 in Fire Magic
 10465 | D:9      | Found a sacrificial altar of Ru.
 10536 | D:9      | Reached skill level 10 in Earth Magic
 10623 | D:9      | Reached skill level 5 in Transmutations
 10902 | D:9      | Noticed a green ugly thing
 10912 | D:9      | Killed a green ugly thing
 10913 | D:9      | Reached XP level 11. HP: 58/63 MP: 18/24
 10957 | D:9      | Noticed a two-headed ogre
 10973 | D:9      | Killed a two-headed ogre
 11395 | D:10     | Entered Level 10 of the Dungeon
 11574 | D:10     | Offered knowledge of Freeze by Vehumet.
 11593 | D:9      | Reached ** piety under Vehumet
 11729 | D:10     | Found a staircase to the Lair.
 12487 | D:10     | Got a distressingly furry leather armour
 12589 | D:10     | Reached skill level 1 in Poison Magic
 12595 | D:10     | Offered knowledge of Inner Flame by Vehumet.
 12614 | D:10     | Found a staircase to the Orcish Mines.
 12754 | D:10     | Identified the cursed +1 leather armour of Liberty {rElec
                  | rC- Str+3} (You found it on level 10 of the Dungeon)
 13533 | D:11     | Reached *** piety under Vehumet
 13703 | D:11     | Noticed a purple ugly thing
 13711 | D:11     | Killed a purple ugly thing
 13737 | D:11     | Noticed a boulder beetle
 13750 | D:11     | Demolished by a boulder beetle

Illustrated notes

Levels and vault maps discovered:
D:1:      dpeg_arrival_ternary, layout_basic
D:2:      layout_basic, pdpol_wu_jian_five_deadly_venoms,
          grunt_dithmenos_smoke_and_mirrors, minmay_tromino_v2, uniq_robin
D:3:      layout_basic, uniq_grinder
D:4:      layout_basic, lemuel_round_altar, uniq_edmund, uniq_duvessa
D:5:      minmay_opposing_rooms, layout_loops_cross
D:6:      layout_rooms, lemuel_zombie_altar_yredelemnul
D:7:      layout_loops_ring, temple_doors_e, uniq_maggie
D:8:      wad_river_or_something, layout_loops_ring, makhleb_altar_promises_db,
          minmay_quadrilaterals, uniq_grum
D:9:      layout_stronghold, nicolae_ru_the_path_less_chosen,
          serial_park_tiny_2, kennysheep_cross_room, corexii_corridor_pit,
          st_stairs_6, kennysheep_crisscross, grunt_livestock
D:10:     layout_basic, minmay_lair_entry_grove, david_orc_1_choice
D:11:     layout_long_grid, basic_altar
Temple:   eino_temple_rhombus

Skill      XL: |  1  2  3  4  5  6  7  8  9 10 11 |
---------------+----------------------------------+-----
Transmutations | 1 2 3 4 5 |  5.0
Earth Magic    | 4 5 6 8 9 10 | 10.3
Spellcasting   | 3 4 5 6 7 9 |  9.9
Fighting       | 1 2 3 4 5 |  5.0
Conjurations   | 1 3 4 6 7 |  7.1
Air Magic      | 2 3 |  3.0
Armour         | 2 4 |  4.3
Fire Magic     | 2 4 |  4.2
Poison Magic   | 1 |  1.8
Dodging        | |  1.5
Stealth        | |  2.1

Action                   |  1- 3 |  4- 6 |  7- 9 | 10-12 || total
-------------------------+-------+-------+-------+-------++-------
Melee: Unarmed           |    41 |       |       |       ||    41
       Mace              |    45 |       |       |       ||    45
       Club              |     7 |       |       |       ||     7
       Dagger            |    24 |   137 |   377 |   501 ||  1039
 Cast: Sandblast         |     5 |       |    32 |    40 ||    77
       Mephitic Cloud    |       |       |       |     8 ||     8
       Ignite Poison     |       |       |       |     7 ||     7
  Use: Scroll            |       |     6 |     9 |     2 ||    17
       Potion            |       |       |     2 |       ||     2
 Stab: Sleeping          |     5 |     5 |     8 |     6 ||    24
       Distracted        |       |       |     1 |       ||     1
       Confused          |       |       |       |     2 ||     2
Armor: Robe              |    40 |     3 |       |       ||    43
       Leather armour    |       |    51 |   223 |   108 ||   382
       Acid dragon scale |       |       |       |   193 ||   193
Dodge: Dodged            |    68 |    64 |   198 |   331 ||   661
